AoeStats
← Red Calypso

Arena

505343699Analyzed
3v3 RM · 24d ago on Sep 9, 2026· 42m 14s· 6 players
Game mode
Random Map
Map size
Normal (6 player)
Population
200
Speed
Normal
Resources
Standard
Victory
Conquest
Starting age
Dark Age
Ending age
Imperial Age
RankedLock teamsTeams togetherTeam positionsShared explorationLock speedFull tech treeHidden civsTurbo modeCheats
Victory
Defeat
🇨🇦 Persians · Canada
1452
+13
🇦🇹 Britons · Austria
1390
+15
🇧🇷 Aztecs · Brazil
1341
+17
🇩🇪 Hindustanis · Germany
1400
-16
🇩🇪 Portuguese · Germany
1380
-15
🇩🇪 Britons · Germany
1347
-14
siggi-lok
11:41 Feudal Age
15:41 Castle Age
14:03 Horse Collar
14:11 Double-Bit Axe
17:58 Heavy Plow
18:41 Loom
26:17 Bow Saw
27:21 Fortified Wall
27:44 Stone Mining
27:45 Gold Mining
31:55 Imperial Age
31:06 Wheelbarrow
30:19 Town Watch
31:08 Padded Archer Armor
30:59 Fletching
31:27 Pikeman
32:26 Leather Archer Armor
32:12 Scale Mail Armor
32:57 Hand Cart
32:42 Town Patrol
34:15 Chemistry
33:43 Elite Skirmisher
34:39 Thumb Ring
34:38 Bodkin Arrow
35:36 Conscription
35:42 Chain Mail Armor
36:38 Ring Archer Armor
38:33 Bracer
40:54 Siege Engineers
41:33 Arquebus
lord-cherry
2:23 Loom
10:21 Feudal Age
11:35 Loom
15:12 Castle Age
13:25 Double-Bit Axe
14:36 Horse Collar
19:16 Bow Saw
23:16 Gold Mining
23:21 Stone Mining
25:30 Wheelbarrow
25:13 Fletching
25:41 Heavy Plow
28:52 Yeomen
28:37 Bodkin Arrow
28:43 Padded Archer Armor
30:53 Ballistics
34:29 Imperial Age
32:20 Crossbowman
36:17 Two-Man Saw
34:47 Arbalester
36:40 Chemistry
36:13 Elite Skirmisher
37:15 Bracer
37:31 Leather Archer Armor
Dragon
7:25 Loom
10:36 Feudal Age
15:39 Castle Age
15:08 Double-Bit Axe
15:04 Horse Collar
18:47 Bow Saw
20:32 Heavy Plow
27:10 Wheelbarrow
29:10 Fletching
31:58 Imperial Age
34:10 Imperial Age
33:02 Scale Barding Armor
33:08 Forging
36:34 Imperial Age
42:25 Bloodlines
42:15 Husbandry
GOAT Gobz
10:23 Feudal Age
14:10 Castle Age
11:57 Double-Bit Axe
12:20 Horse Collar
14:51 Bow Saw
15:19 Scale Barding Armor
18:11 Chain Barding Armor
19:14 Bloodlines
19:18 Gold Mining
21:34 Gold Shaft Mining
22:36 Husbandry
26:43 Forging
28:10 Iron Casting
31:28 Wheelbarrow
32:26 Loom
32:57 Hand Cart
32:40 Town Watch
36:54 Heavy Plow
41:11 Imperial Age
42:08 Plate Barding Armor
41:01 Cavalier
Red Calypso
10:28 Feudal Age
14:04 Castle Age
12:53 Double-Bit Axe
22:26 Ballistics
21:59 Fletching
22:16 Loom
23:09 Wheelbarrow
23:21 Padded Archer Armor
23:18 Bodkin Arrow
23:23 Padded Archer Armor
25:59 Hand Cart
27:49 Horse Collar
29:08 Bow Saw
28:56 Gold Mining
29:36 Leather Archer Armor
30:26 Gold Shaft Mining
29:42 Stone Mining
30:14 Town Watch
30:20 Loom
33:58 Imperial Age
32:31 Yeomen
33:01 Masonry
33:11 Town Patrol
33:53 Crossbowman
35:21 Bracer
36:23 Chemistry
36:10 Siege Engineers
37:39 Architecture
38:22 Two-Man Saw
37:01 Arbalester
38:17 Conscription
40:02 Ring Archer Armor
41:07 Warwolf
Karzul
10:22 Feudal Age
11:44 Double-Bit Axe
14:45 Castle Age
15:50 Bow Saw
15:22 Horse Collar
21:12 Wheelbarrow
22:49 Sanctity
23:09 Heavy Plow
23:28 Loom
24:03 Stone Mining
23:47 Eagle Warrior
24:30 Scale Mail Armor
25:09 Redemption
30:26 Imperial Age
28:11 Hand Cart
29:20 Town Watch
30:54 Fletching
31:04 Padded Archer Armor
31:44 Conscription
31:26 Atlatl
31:16 Elite Skirmisher
32:18 Ballistics
32:59 Chemistry
31:55 Bodkin Arrow
32:17 Chain Mail Armor
32:49 Leather Archer Armor
32:54 Gold Mining
33:35 Bracer
33:51 Chain Mail Armor
33:47 Forging
34:13 Squires
34:55 Elite Eagle Warrior
36:06 Plate Mail Armor
36:50 Iron Casting
38:01 Garland Wars
39:18 Pikeman
41:01 Blast Furnace
Connection lost

Rejoining the realm…

Still unreachable

The connection could not be restored.

Session expired

The server has moved on; the page needs a fresh start.